Map: Dusk Towers

Players

GutyECUADOR - Winner!

  • Race: Zerg Zerg
  • League: Master

Miszu

  • Race: Protoss Protoss
  • League: Master

VOD

Have the link to the VOD?

Description

Time

  • Played on: July 1, 2016, 1 p.m.
  • Length: 13:06
Show
View Real Time Build Order
Export as new Build Order

GutyECUADOR Zerg - Winner!

Build Orders: Pool First, Lurkers 

Get SALT Encoding   

  12  0:02  Drone  
  13  0:13  Overlord  
  13  0:17  Drone  
  14  0:23  Extractor, Drone  
  15  0:39  Spawning Pool  
  15  0:42  Drone  
  15  0:46  Drone  
  15  0:49  Drone  
  17  0:57  Drone  
  18  1:07  Drone  
  19  1:17  Hatchery  
  18  1:20  Drone  
  18  1:22  Extractor  
  18  1:30  Zergling x2  
  19  1:34  Queen  
  21  1:40  Drone  
  22  1:52  Overlord  
  22  2:10  Drone  
  22  2:12  Queen  
  22  2:15  Drone  
  26  2:24  Drone  
  27  2:30  Drone  
  27  2:36  Drone  
  29  2:42  Drone x2  
  29  2:43  Overlord  
  30  2:44  Queen  
  30  2:45  Metabolic Boost, Drone  
  30  2:46  Drone  
  34  2:51  Drone  
  34  2:56  Drone  
  36  3:02  Drone  
  36  3:03  Lair  
  37  3:08  Extractor, Drone  
  37  3:13  Zergling x2  
  38  3:20  Drone, Hatchery  
  38  3:22  Drone  
  38  3:25  Drone  
  40  3:28  Drone  
  40  3:29  Drone  
  40  3:32  Drone  
  43  3:35  Zergling x2  
  44  3:43  Pneumatized Carapace  
  44  3:46  Overlord  
  44  3:48  Overlord  
  44  3:58  Overlord  
  44  4:14  Zergling x4, Drone x4  
  46  4:19  Hydralisk Den  
  44  4:26  Drone  
  44  4:29  Spore Crawler, Overseer  
  44  4:31  Overlord  
  44  4:33  Drone x3  
  44  4:35  Drone x3  
  44  4:38  Queen  
  50  4:39  Extractor  
  50  4:42  Drone  
  50  4:43  Drone  
  50  4:44  Drone  
  54  4:57  Hydralisk  
  54  4:58  Hydralisk  
  58  5:02  Drone x5  
  58  5:03  Drone x2  
  58  5:05  Spore Crawler  
  64  5:11  Spore Crawler  
  64  5:12  Spore Crawler  
  62  5:17  Drone, Spore Crawler  
  62  5:18  Drone x3  
  62  5:19  Drone x2  
  65  5:28  Spore Crawler  
  65  5:34  Drone  
  65  5:35  Drone  
  66  5:36  Overlord, Extractor  
  66  5:37  Drone x3  
  66  5:41  Muscular Augments  
  68  5:44  Drone x3  
  69  6:01  Hydralisk x3, Queen  
  73  6:04  Overlord  
  73  6:05  Spore Crawler  
  73  6:09  Hydralisk x3  
  73  6:11  Overlord x2  
  74  6:22  Hydralisk x3, Queen  
  74  6:23  Hydralisk  
  74  6:25  Hydralisk  
  81  6:29  Hydralisk  
  81  6:30  Hydralisk  
  83  6:33  Hydralisk  
  85  6:40  Hydralisk  
  85  6:43  Drone x3  
  90  7:00  Overlord, Hatchery  
  90  7:01  Overlord  
  89  7:04  Overlord x3  
  89  7:08  Overlord x3  
  89  7:10  Lurker Den  
  89  7:15  Evolution Chamber  
  89  7:16  Evolution Chamber  
  89  7:21  Extractor  
  84  7:23  Extractor  
  84  7:25  Zergling x2  
  84  7:27  Drone x3  
  84  7:28  Drone x3  
  84  7:29  Drone  
  93  7:30  Drone x3  
  94  7:38  Drone x2  
  94  7:40  Overlord, Hydralisk x2, Drone  
  101  7:47  Hydralisk x3  
  101  7:50  Zerg Missile Weapons Level 1  
  107  8:03  Hydralisk x2  
  107  8:04  Hydralisk x3  
  117  8:08  Drone  
  117  8:09  Drone x2  
  120  8:14  Hydralisk x2  
  120  8:15  Hydralisk  
  126  8:22  Zerg Ground Armor Level 1  
  126  8:25  Drone x3  
  128  8:32  Drone x2  
  130  8:38  Extractor  
  130  8:41  Spore Crawler  
  128  8:42  Nydus Network  
  126  8:53  Drone x3  
  127  8:56  Drone x3  
  127  8:57  Drone x4  
  127  8:58  Overlord x3, Hydralisk, Drone  
  127  9:00  Zergling x6  
  140  9:07  Lurker x4  
  144  9:11  Overlord x2  
  144  9:21  Zergling x8  
  144  9:22  Lurker x3  
  151  9:29  Lurker  
  152  9:32  Hydralisk x2  
  152  9:35  Hydralisk  
  152  9:36  Zergling x8  
  162  9:44  Nydus Canal  
  162  9:45  Hydralisk x2  
  162  9:50  Overlord x2, Drone x4  
  170  9:56  Hydralisk x2  
  174  10:06  Hatchery  
  173  10:08  Hydralisk x4  
  173  10:09  Hydralisk x2  
  173  10:12  Hydralisk  
  187  10:15  Burrow  
  187  10:19  Hydralisk  
  183  10:25  Zergling x6  
  183  10:26  Zergling x4  
  171  10:36  Hydralisk x2  
  171  10:40  Hydralisk  
  146  11:04  Hydralisk x5  
  142  11:10  Hydralisk  
  154  11:28  Hydralisk  
  154  11:29  Hydralisk x3  
  162  11:35  Drone x2  
  141  11:45  Hydralisk  
  141  11:46  Hydralisk  
  107  11:49  Hydralisk  
  100  12:12  Hydralisk x5  
  110  12:24  Hydralisk x2  
  110  12:25  Hydralisk, Drone x3  
  110  12:28  Drone x7  
  110  12:29  Drone x5  
  115  12:47  Hatchery  
  115  12:52  Drone x4  
Show
View Real Time Build Order
Export as new Build Order

Miszu Protoss 

Build Orders: 1 Gate Expand 

Get SALT Encoding   

  12  0:01  Probe (Chrono Boost)  
  13  0:12  Probe (Chrono Boost)  
  14  0:18  Pylon  
  14  0:22  Probe (Chrono Boost)  
  15  0:36  Probe (Chrono Boost)  
  15  0:42  Gateway  
  16  0:46  Probe (Chrono Boost), Assimilator  
  17  0:57  Probe (Chrono Boost)  
  18  1:08  Probe (Chrono Boost)  
  19  1:20  Nexus  
  19  1:29  Cybernetics Core  
  19  1:31  Probe (Chrono Boost)  
  20  1:41  Assimilator  
  20  1:42  Probe (Chrono Boost)  
  21  1:53  Probe (Chrono Boost)  
  22  1:56  Pylon  
  22  2:03  Warp Gate (Chrono Boost)  
  22  2:06  Probe (Chrono Boost)  
  23  2:14  Adept (Chrono Boost)  
  25  2:21  Probe  
  26  2:33  Probe  
  27  2:38  Probe  
  27  2:41  Adept (Chrono Boost)  
  30  2:46  Mothership Core  
  30  2:50  Gateway  
  32  2:52  Gateway, Probe  
  33  3:02  Pylon  
  33  3:04  Probe  
  34  3:07  Probe  
  35  3:18  Probe  
  36  3:20  Probe  
  36  3:25  Stargate  
  36  3:26  Stargate  
  37  3:30  Probe  
  37  3:32  Probe  
  39  3:36  Assimilator  
  39  3:37  Assimilator  
  39  3:42  Probe  
  39  3:45  Probe  
  41  3:54  Probe  
  42  3:55  Pylon  
  42  3:57  Probe  
  43  4:07  Probe  
  42  4:20  Probe  
  42  4:21  Probe  
  42  4:25  Phoenix x2 (Chrono Boost)  
  46  4:33  Probe x2  
  48  4:41  Pylon  
  48  4:45  Probe x2  
  50  4:47  Phoenix (Chrono Boost)  
  50  4:48  Phoenix (Chrono Boost)  
  54  4:57  Probe x2  
  56  5:03  Adept x2  
  56  5:04  Adept  
  62  5:09  Phoenix x2 (Chrono Boost), Probe x2  
  68  5:20  Nexus  
  68  5:21  Pylon  
  68  5:25  Probe  
  68  5:27  Probe  
  70  5:31  Pylon  
  70  5:37  Pylon  
  70  5:39  Probe x2  
  70  5:40  Phoenix x2 (Chrono Boost)  
  76  6:02  Phoenix x2 (Chrono Boost)  
  76  6:03  Probe x2  
  82  6:15  Probe x2  
  84  6:27  Probe x2  
  86  6:34  Probe  
  86  6:39  Probe x2  
  89  6:41  Robotics Facility x2  
  89  6:43  Twilight Council  
  89  6:45  Probe  
  90  6:47  Forge, Pylon  
  90  6:51  Probe  
  90  6:53  Probe  
  92  6:55  Adept x3, Probe  
  97  7:06  Probe x2  
  97  7:07  Gateway  
  99  7:08  Gateway  
  99  7:10  Gateway  
  99  7:11  Gateway  
  99  7:14  Gateway, Assimilator  
  99  7:15  Gateway, Assimilator  
  99  7:17  Gateway  
  99  7:21  Protoss Ground Weapons Level 1  
  99  7:25  Adept x3  
  99  7:28  Charge  
  105  7:30  Templar Archives  
  105  7:37  Immortal  
  105  7:39  Immortal  
  113  7:57  Pylon  
  113  7:59  Pylon  
  113  8:00  Pylon  
  113  8:07  Psionic Storm  
  113  8:10  High Templar x2  
  117  8:16  High Templar  
  117  8:17  Observer (Chrono Boost), Zealot x4  
  117  8:18  Observer (Chrono Boost), Zealot x3  
  135  8:23  Pylon  
  135  8:24  Pylon  
  135  8:25  Pylon  
  135  8:28  Pylon  
  135  8:54  High Templar x3  
  135  8:55  High Templar, Zealot  
  141  8:56  Zealot x5  
  153  9:08  Nexus  
  153  9:10  Pylon, Assimilator  
  153  9:11  Immortal x2 (Chrono Boost)  
  153  9:12  Pylon  
  153  9:15  Assimilator  
  161  9:34  Probe x3  
  172  9:45  Immortal x2 (Chrono Boost)  
  172  9:46  Probe x3  
  172  9:52  High Templar x2  
  179  9:53  Zealot  
  179  9:54  Zealot x2  
  179  9:56  Archon  
  179  9:58  Probe x2  
  180  10:28  Observer (Chrono Boost)  
  180  10:30  Zealot x2  
  116  11:01  Zealot x2  
  116  11:02  Zealot x3  
  54  12:32  Pylon  
  54  12:33  Pylon  
  54  12:35  Pylon x2  
  54  12:37  Pylon  
  54  12:38  Pylon  
  52  12:51  Probe  
Tags
 
Add a new tag
Caveats
  • Supply blocks, unpowered buildings, or Contaminate may cause inaccurate times.
  • Supply counts are checked every 10 seconds.